WCHLSIM.com - West Coast Hockey League
html PUBLIC "-//W3C//DTD XHTML 1.0 Transitional//EN" "http://www.w3.org/TR/xhtml1/DTD/xhtml1-transitional.dtd"> WCHL - Game 30 - SASKATOON DUCKS vs SAN DIEGO THUNDER

SASKATOON DUCKS vs SAN DIEGO THUNDER

Created - 16 octobre 2021 at 00:56

Goals
1 2 3 T
SASKATOON DUCKS 0 1 0 1
SAN DIEGO THUNDER 0 1 3 4
Shots
1 2 3 T
SASKATOON DUCKS 11 8 5 24
SAN DIEGO THUNDER 8 7 14 29

1st period

No Goal

Penalties :
Derek Forbort (SDG) for Boarding (Minor) at 3:44, Charles McAvoy (SDG) for Slashing (Minor) at 15:58

2nd period

1. SAN DIEGO THUNDER , Andrew Cogliano 1 (Drake Batherson 1) at 6:19
2. SASKATOON DUCKS , Sidney Crosby 1 (Samuel Girard 1) at 13:44

Penalties :
Marcus Foligno (SDG) for Hooking (Minor) at 7:29, Evander Kane (SDG) for Slashing (Minor) at 12:45, Nikita Zadorov (SAS) for Holding (Minor) at 12:45

3rd period

3. SAN DIEGO THUNDER , Evander Kane 1 (Drake Batherson 2, Derek Forbort 1) at 1:12 (PP)
4. SAN DIEGO THUNDER , Evander Kane 2 (Jean-Gabriel Pageau 2, Charles McAvoy 2) at 3:20 (PP)
5. SAN DIEGO THUNDER , Logan Couture 1 (David Perron 1, Marcus Foligno 1) at 19:48

Penalties :
Alex Goligoski (SAS) for Roughing (Minor) at 0:05, Kevin Shattenkirk (SAS) for Tripping (Minor) at 2:11, Nikita Zadorov (SAS) for Roughing (Minor) at 10:44

Goalie Stats

Jordan Binnington (SAS), 25 saves from 29 shots - (0,862), L, 0-1-0, 60:00 minutes
Connor Hellebuyck (SDG), 23 saves from 24 shots - (0,958), W, 1-1-0, 60:00 minutes

Players Stats for SASKATOON DUCKS

Player Name              G  A  P  +/- PIM S  H  SB GA TA FO     MP     PP MP  PK MP  
------------------------------------------------------------------------------------
Alex Goligoski           0  0  0   0  2   1  4  1  0  0  0/0    25:55   3:50   2:07 
Andrej Sekera            0  0  0   0  0   0  0  0  0  0  0/0    21:14   1:24   3:07 
Anthony Duclair          0  0  0  -1  0   3  0  0  0  0  1/1    21:09   2:31   3:00 
Artemi Panarin           0  0  0   0  0   3  1  0  0  0  0/1    20:10   3:26   0:00 
Blake Comeau             0  0  0   0  0   0  0  0  0  0  0/0     4:57   0:00   0:00 
Derick Brassard          0  0  0   0  0   0  0  0  0  0  8/15   12:55   0:00   0:00 
Jakub Vrana              0  0  0  -1  0   2  1  0  0  0  0/0    16:50   2:31   0:00 
Kailer Yamamoto          0  0  0   0  0   2  0  0  0  0  0/3    14:10   0:00   1:15 
Kevin Shattenkirk        0  0  0  -1  2   0  1  1  0  0  0/0    23:00   2:34   0:18 
Mathieu Joseph           0  0  0   0  0   0  0  0  0  0  0/1     4:57   0:00   0:00 
Nikita Zadorov           0  0  0  -1  4   1  2  1  0  0  0/0    15:19   0:37   1:28 
Ryan McDonagh            0  0  0   0  0   0  0  1  0  0  0/0     5:18   0:54   0:00 
Ryan Strome              0  0  0  -1  0   2  2  1  0  0  11/31  20:43   2:31   3:00 
Samuel Girard            0  1  1   0  0   1  0  3  0  0  0/0    28:17   2:35   1:30 
Sidney Crosby            1  0  1   0  0   6  4  0  0  0  22/34  20:34   3:26   0:00 
Valtteri Filppula        0  0  0   0  0   0  0  0  0  0  2/6     5:26   0:00   0:00 
Warren Foegele           0  0  0   0  0   2  0  0  0  0  0/1    14:10   0:00   1:15 
William Nylander         0  0  0  -1  0   1  3  0  0  0  0/1    18:38   3:26   0:00 

Players Stats for SAN DIEGO THUNDER

Player Name              G  A  P  +/- PIM S  H  SB GA TA FO     MP     PP MP  PK MP  
------------------------------------------------------------------------------------
Alexandre Carrier        0  0  0   1  0   0  2  0  0  0  0/0    14:07   0:00   1:25 
Andrew Cogliano          1  0  1   1  0   1  0  0  0  0  0/0     9:44   0:00   0:51 
Brandon Montour          0  0  0   1  0   0  4  1  0  0  0/0    15:02   1:29   0:19 
Brandon Saad             0  0  0  -1  0   2  0  0  0  0  0/0    20:32   1:58   0:00 
Charles McAvoy           0  1  1  -1  2   1  0  5  0  0  0/0    24:07   1:29   2:11 
Connor Murphy            0  0  0  -1  0   0  0  2  0  0  0/0    23:52   0:00   3:56 
David Perron             0  1  1   1  0   4  0  0  0  0  0/0    16:02   1:58   0:00 
Derek Forbort            0  1  1   1  2   1  3  0  0  0  0/0    21:35   2:46   2:12 
Drake Batherson          0  2  2   1  0   3  0  0  0  0  0/0    11:10   2:17   0:00 
Erik Cernak              0  0  0   1  0   0  0  0  0  0  0/0    21:15   2:46   1:51 
Evander Kane             2  0  2   0  2   5  4  1  0  0  1/2    20:12   2:17   0:00 
Jay Beagle               0  0  0   1  0   1  0  0  0  0  4/13   11:20   0:00   2:27 
Jean-Gabriel Pageau      0  1  1  -1  0   0  0  0  0  0  12/21  15:16   2:17   3:30 
Logan Couture            1  0  1   1  0   5  0  0  0  0  14/21  12:43   0:00   0:00 
Marcus Foligno           0  1  1   1  2   2  2  0  0  0  0/2    21:57   0:00   1:32 
Mark Scheifele           0  0  0   0  0   4  1  1  0  0  19/34  21:15   1:58   0:00 
Mikhail Maltsev          0  0  0   0  0   0  0  0  0  0  0/0     0:00   0:00   0:00 
Ryan Hartman             0  0  0   0  0   0  0  0  0  0  0/1    11:51   0:00   3:34 

3 Stars

1 - Evander Kane (SDG)
2 - Andrew Cogliano (SDG)
3 - Drake Batherson (SDG)

Power Play

SASKATOON DUCKS - 0 on 3 Attempt(s) - 0,00%
SAN DIEGO THUNDER - 2 on 3 Attempt(s) - 66,67%

Penalty Kill

SASKATOON DUCKS - 1 on 3 Attempt(s) - 33,33% - Score 0 goal in Penalty Kill
SAN DIEGO THUNDER - 3 on 3 Attempt(s) - 100,00% - Score 0 goal in Penalty Kill

Team Stat

SASKATOON DUCKS - Hits : 18 - Faceoff Wins : 44 - Blocked Shots : 8 - Penalty Minutes : 8
SAN DIEGO THUNDER - Hits : 16 - Faceoff Wins : 50 - Blocked Shots : 10 - Penalty Minutes : 8

Official

Referees : Tom Chmielewski and Robert Hennessey
Linesman : Michel Cormier and Libor Suchanek

Game Notes

Ryan McDonagh is injured at 14:27 of 1st period (Strained Groin)

Finance

Level 1 -- Attendance: 5533 (88,25%) -- Ticket Income 968 275 $
Level 2 -- Attendance: 4441 (83,48%) -- Ticket Income 532 920 $
Level 3 -- Attendance: 1829 (87,51%) -- Ticket Income 182 900 $
Level 4 -- Attendance: 4000 (92,59%) -- Ticket Income 280 000 $
Luxury Box -- Attendance: 868 (86,80%) -- Ticket Income 260 400 $
Total Attendance: 16671 (87,74%)
Total Ticket Income: 2 224 495 $
Other Expense: 22 245 $
Total Income: 2 202 250 $

SASKATOON DUCKS

5 vs 5 Forward 
   Center                   Left Wing                Right Wing               Time % Phy DF OF 
 1 Sidney Crosby            Artemi Panarin           Anthony Duclair          36     1   2  2  
 2 Ryan Strome              Jakub Vrana              William Nylander         31     1   2  2  
 3 Derick Brassard          Kailer Yamamoto          Warren Foegele           23     1   2  2  
 4 Valtteri Filppula        Blake Comeau             Mathieu Joseph           10     1   2  2  

5 vs 5 Defense 
   Defense                  Defense                                           Time % Phy DF OF 
 1 Alex Goligoski           Samuel Girard                                     40     1   2  2  
 2 Ryan McDonagh            Kevin Shattenkirk                                 36     1   2  2  
 3 Andrej Sekera            Nikita Zadorov                                    24     1   2  2  
 4 Ryan McDonagh            Alex Goligoski                                    0      1   2  2  

PowerPlay Forward 
   Center                   Left Wing                Right Wing               Time % Phy DF OF 
 1 Sidney Crosby            Artemi Panarin           William Nylander         55     1   2  2  
 2 Ryan Strome              Anthony Duclair          Jakub Vrana              45     1   2  2  

PowerPlay Defense
   Defense                  Defense                                           Time % Phy DF OF 
 1 Alex Goligoski           Samuel Girard                                     55     1   2  2  
 2 Ryan McDonagh            Kevin Shattenkirk                                 45     1   2  2  

Penalty Kill 4 Players Forward 
   Center                   Wing                     Time % Phy DF OF 
 1 Ryan Strome              Anthony Duclair          55     1   2  2  
 2 Warren Foegele           Kailer Yamamoto          45     1   2  2  

Penalty Kill 4 Players Defense
   Defense                  Defense                  Time % Phy DF OF 
 1 Andrej Sekera            Nikita Zadorov           55     1   2  2  
 2 Kevin Shattenkirk        Andrej Sekera            45     1   2  2  

Penalty Kill - 3 Players Forward 
   Forward                                           Time % Phy DF OF 
 1 Warren Foegele                                    55     1   2  2  
 2 Derick Brassard                                   45     1   2  2  

Penalty Kill - 3 Players Defense
   Defense                  Defense                  Time % Phy DF OF 
 1 Andrej Sekera            Nikita Zadorov           55     1   2  2  
 2 Samuel Girard            Kevin Shattenkirk        45     1   2  2  

4 vs 4 Forward 
   Center                   Wing                     Time % Phy DF OF 
 1 Sidney Crosby            Artemi Panarin           55     1   2  2  
 2 Ryan Strome              William Nylander         45     1   2  2  

4 vs 4 Defense
   Defense                  Defense                  Time % Phy DF OF 
 1 Alex Goligoski           Samuel Girard            55     1   2  2  
 2 Ryan McDonagh            Kevin Shattenkirk        45     1   2  2  

Last Minutes Offensive
   Center                   Left Wing                Right Wing               Defense                  Defense                  
   Sidney Crosby            Artemi Panarin           Ryan Strome              Alex Goligoski           Samuel Girard            

Last Minutes Defensive
   Center                   Left Wing                Right Wing               Defense                  Defense                  
   Sidney Crosby            Anthony Duclair          William Nylander         Alex Goligoski           Ryan McDonagh            

Goaltenders
Starting : Jordan Binnington        
Backup : Brian Elliott            

Extra Forwards
Normal : Sidney Crosby, Ryan Strome, Artemi Panarin - PP : Anthony Duclair, Kailer Yamamoto - PK : Blake Comeau
Extra Defensemen
Normal : Samuel Girard, Alex Goligoski, Ryan McDonagh - PP : Andrej Sekera - PK : Ryan McDonagh, Alex Goligoski
Penalty Shots
Sidney Crosby, Artemi Panarin, Ryan Strome, Jakub Vrana, William Nylander
Custom OT Lines Forwards
Sidney Crosby, Artemi Panarin, Ryan Strome, William Nylander, Anthony Duclair, Jakub Vrana, Warren Foegele, Blake Comeau, Kailer Yamamoto, Derick Brassard
Custom OT Lines Defensemen
Alex Goligoski, Ryan McDonagh, Samuel Girard, Kevin Shattenkirk, Andrej Sekera

Scratches
Zach Bogosian (Healthy)

SAN DIEGO THUNDER

5 vs 5 Forward 
   Center                   Left Wing                Right Wing               Time % Phy DF OF 
 1 Mark Scheifele           Evander Kane             Brandon Saad             37     0   3  2  
 2 Logan Couture            David Perron             Marcus Foligno           35     0   3  2  
 3 Jean-Gabriel Pageau      Marcus Foligno           Ryan Hartman             24     1   3  1  
 4 Jay Beagle               Andrew Cogliano          Drake Batherson          4      0   4  1  

5 vs 5 Defense 
   Defense                  Defense                                           Time % Phy DF OF 
 1 Charles McAvoy           Connor Murphy                                     41     0   3  2  
 2 Derek Forbort            Erik Cernak                                       36     0   3  2  
 3 Brandon Montour          Alexandre Carrier                                 21     0   3  2  
 4 Charles McAvoy           Brandon Montour                                   2      0   3  2  

PowerPlay Forward 
   Center                   Left Wing                Right Wing               Time % Phy DF OF 
 1 Mark Scheifele           David Perron             Brandon Saad             55     0   0  5  
 2 Jean-Gabriel Pageau      Evander Kane             Drake Batherson          45     0   0  5  

PowerPlay Defense
   Defense                  Defense                                           Time % Phy DF OF 
 1 Brandon Montour          Charles McAvoy                                    55     0   0  5  
 2 Erik Cernak              Derek Forbort                                     45     0   0  5  

Penalty Kill 4 Players Forward 
   Center                   Wing                     Time % Phy DF OF 
 1 Jean-Gabriel Pageau      Ryan Hartman             55     0   4  1  
 2 Jay Beagle               Marcus Foligno           45     0   4  1  

Penalty Kill 4 Players Defense
   Defense                  Defense                  Time % Phy DF OF 
 1 Erik Cernak              Connor Murphy            55     0   5  0  
 2 Derek Forbort            Charles McAvoy           45     0   5  0  

Penalty Kill - 3 Players Forward 
   Forward                                           Time % Phy DF OF 
 1 Jean-Gabriel Pageau                               55     0   4  1  
 2 Ryan Hartman                                      45     0   4  1  

Penalty Kill - 3 Players Defense
   Defense                  Defense                  Time % Phy DF OF 
 1 Derek Forbort            Connor Murphy            55     0   4  1  
 2 Charles McAvoy           Brandon Montour          45     0   4  1  

4 vs 4 Forward 
   Center                   Wing                     Time % Phy DF OF 
 1 Mark Scheifele           David Perron             55     0   2  3  
 2 Jean-Gabriel Pageau      Brandon Saad             45     0   2  3  

4 vs 4 Defense
   Defense                  Defense                  Time % Phy DF OF 
 1 Charles McAvoy           Connor Murphy            55     1   2  2  
 2 Alexandre Carrier        Brandon Montour          45     1   2  2  

Last Minutes Offensive
   Center                   Left Wing                Right Wing               Defense                  Defense                  
   Mark Scheifele           Evander Kane             David Perron             Charles McAvoy           Erik Cernak              

Last Minutes Defensive
   Center                   Left Wing                Right Wing               Defense                  Defense                  
   Mark Scheifele           Evander Kane             Brandon Saad             Charles McAvoy           Connor Murphy            

Goaltenders
Starting : Connor Hellebuyck        
Backup : Ville Husso              

Extra Forwards
Normal : Mark Scheifele, David Perron, Evander Kane - PP : Mark Scheifele, Marcus Foligno - PK : Ryan Hartman
Extra Defensemen
Normal : Connor Murphy, Charles McAvoy, Derek Forbort - PP : Charles McAvoy - PK : Connor Murphy, Charles McAvoy
Penalty Shots
Mark Scheifele, David Perron, Evander Kane, Jean-Gabriel Pageau, Brandon Saad
Custom OT Lines Forwards
Mark Scheifele, David Perron, Brandon Montour, Evander Kane, Drake Batherson, Jean-Gabriel Pageau, Marcus Foligno, Ryan Hartman, Jay Beagle, Mikhail Maltsev
Custom OT Lines Defensemen
Charles McAvoy, Connor Murphy, Derek Forbort, Brandon Montour, Erik Cernak

Scratches
None


% Time on Ice - SASKATOON DUCKS

Lines # - Real PCT - Wanted PCT - Time Play
Normal Forward
1 - 33% - 36% - 15:38
2 - 30% - 31% - 14:19
3 - 27% - 23% - 12:55
4 - 10% - 10% - 4:57
Normal Defense
1 - 22% - 40% - 10:33
2 - 40% - 36% - 19:04
3 - 25% - 24% - 11:45
4 - 13% - 0% - 6:27
PP Forward
1 - 58% - 55% - 3:26
2 - 42% - 45% - 2:31
PP Defense
1 - 46% - 55% - 2:43
2 - 54% - 45% - 3:14
PK Forward
1 - 71% - 55% - 3:00
2 - 29% - 45% - 1:15
PK Defense
1 - 81% - 55% - 3:27
2 - 19% - 45% - 0:48
PK3 Forward
1 - 0% - 55%
2 - 0% - 45%
PK3 Defense
1 - 0% - 55%
2 - 0% - 45%
44 Forward
1 - 55% - 55% - 1:06
2 - 45% - 45% - 0:53
44 Defense
1 - 0% - 55% - 0:00
2 - 100% - 45% - 1:59
Last Minute Offensive  - 0:00
Last Minute Defensive  - 0:00
Total
Forward - 60:00
Defense - 60:00

% Time on Ice - SAN DIEGO THUNDER

Lines # - Real PCT - Wanted PCT - Time Play
Normal Forward
1 - 38% - 37% - 17:56
2 - 27% - 35% - 12:43
3 - 17% - 24% - 8:17
4 - 19% - 4% - 8:53
Normal Defense
1 - 40% - 41% - 19:18
2 - 35% - 36% - 16:38
3 - 24% - 21% - 11:21
4 - 1% - 2% - 0:32
PP Forward
1 - 46% - 55% - 1:58
2 - 54% - 45% - 2:17
PP Defense
1 - 35% - 55% - 1:29
2 - 65% - 45% - 2:46
PK Forward
1 - 59% - 55% - 3:30
2 - 41% - 45% - 2:27
PK Defense
1 - 36% - 55% - 2:07
2 - 64% - 45% - 3:50
PK3 Forward
1 - 0% - 55%
2 - 0% - 45%
PK3 Defense
1 - 0% - 55%
2 - 0% - 45%
44 Forward
1 - 68% - 55% - 1:21
2 - 32% - 45% - 0:38
44 Defense
1 - 32% - 55% - 0:38
2 - 68% - 45% - 1:21
Last Minute Offensive  - 0:00
Last Minute Defensive  - 0:00
Total
Forward - 60:00
Defense - 60:00

Play-by-Play

1st period


0:01 of 1st period - Sidney Crosby wins face-off versus Mark Scheifele in neutral zone.
0:12 of 1st period - Shot by Sidney Crosby.
0:12 of 1st period - Shot Blocked by Charles McAvoy.
0:14 of 1st period - Shot by Sidney Crosby.
0:14 of 1st period - Shot Misses the Net.
0:26 of 1st period - Shot by Sidney Crosby.
0:26 of 1st period - Stopped by Connor Hellebuyck without a rebound.
0:27 of 1st period - Logan Couture wins face-off versus Ryan Strome in SAN DIEGO THUNDER zone.
0:27 of 1st period - Logan Couture is hit by Ryan Strome.
0:43 of 1st period - Shot by Logan Couture.
0:43 of 1st period - Stopped by Jordan Binnington with a rebound.
0:45 of 1st period - Shot by Derek Forbort.
0:45 of 1st period - Shot Misses the Net.
1:02 of 1st period - Shot by Marcus Foligno.
1:02 of 1st period - Shot Blocked by Ryan McDonagh.
1:55 of 1st period - Warren Foegele is hit by Brandon Montour and loses puck.
2:04 of 1st period - Warren Foegele is hit by Mark Scheifele and loses puck.
3:07 of 1st period - Shot by Sidney Crosby.
3:07 of 1st period - Stopped by Connor Hellebuyck without a rebound.
3:08 of 1st period - Valtteri Filppula wins face-off versus Jean-Gabriel Pageau in SAN DIEGO THUNDER zone.
3:44 of 1st period - Minor Penalty to Derek Forbort for Boarding.
3:45 of 1st period - Jean-Gabriel Pageau wins face-off versus Artemi Panarin in SAN DIEGO THUNDER zone.
3:56 of 1st period - Shot by Ryan Hartman.
3:56 of 1st period - Shot Misses the Net.
3:59 of 1st period - Icing by William Nylander.
4:00 of 1st period - Sidney Crosby wins face-off versus Jay Beagle in SASKATOON DUCKS zone.
4:11 of 1st period - Connor Murphy is hit by Sidney Crosby and loses puck.
4:21 of 1st period - Icing by Alex Goligoski.
4:22 of 1st period - Jean-Gabriel Pageau wins face-off versus Sidney Crosby in SASKATOON DUCKS zone.
4:39 of 1st period - Shot by William Nylander.
4:39 of 1st period - Shot Blocked by Charles McAvoy.
4:41 of 1st period - Shot by Samuel Girard.
4:41 of 1st period - Stopped by Connor Hellebuyck without a rebound.
4:42 of 1st period - Jay Beagle wins face-off versus Ryan Strome in SAN DIEGO THUNDER zone.
5:57 of 1st period - Kailer Yamamoto is hit by Derek Forbort and loses puck.
7:05 of 1st period - Shot by Blake Comeau.
7:05 of 1st period - Shot Blocked by Charles McAvoy.
7:20 of 1st period - Shot by Logan Couture.
7:20 of 1st period - Shot Blocked by Alex Goligoski.
7:30 of 1st period - Icing by Alex Goligoski.
7:31 of 1st period - Valtteri Filppula wins face-off versus Jay Beagle in SASKATOON DUCKS zone.
8:40 of 1st period - Icing by Connor Murphy.
8:41 of 1st period - Jean-Gabriel Pageau wins face-off versus Sidney Crosby in SAN DIEGO THUNDER zone.
9:27 of 1st period - Icing by Charles McAvoy.
9:28 of 1st period - Jean-Gabriel Pageau wins face-off versus Ryan Strome in SAN DIEGO THUNDER zone.
9:40 of 1st period - Ryan Strome is hit by Derek Forbort and loses puck.
9:50 of 1st period - Icing by Evander Kane.
9:51 of 1st period - Derick Brassard wins face-off versus Mark Scheifele in SAN DIEGO THUNDER zone.
10:14 of 1st period - Shot by Kailer Yamamoto.
10:14 of 1st period - Stopped by Connor Hellebuyck without a rebound.
10:15 of 1st period - Ryan Strome wins face-off versus Jay Beagle in SAN DIEGO THUNDER zone.
10:22 of 1st period - Shot by Jakub Vrana.
10:22 of 1st period - Shot Misses the Net.
10:40 of 1st period - Shot by Andrew Cogliano.
10:40 of 1st period - Deflect By Drake Batherson.
10:40 of 1st period - Stopped by Jordan Binnington without a rebound.
10:41 of 1st period - Mark Scheifele wins face-off versus Sidney Crosby in SASKATOON DUCKS zone.
10:44 of 1st period - Shot by Brandon Saad.
10:44 of 1st period - Stopped by Jordan Binnington without a rebound.
10:45 of 1st period - Sidney Crosby wins face-off versus Logan Couture in SASKATOON DUCKS zone.
11:08 of 1st period - Shot by Sidney Crosby.
11:08 of 1st period - Shot Blocked by Charles McAvoy.
11:28 of 1st period - Shot by Artemi Panarin.
11:28 of 1st period - Stopped by Connor Hellebuyck without a rebound.
11:29 of 1st period - Ryan Strome wins face-off versus Mark Scheifele in SAN DIEGO THUNDER zone.
11:45 of 1st period - Icing by William Nylander.
11:46 of 1st period - Jay Beagle wins face-off versus Ryan Strome in SASKATOON DUCKS zone.
11:49 of 1st period - Shot by Drake Batherson.
11:49 of 1st period - Stopped by Jordan Binnington without a rebound.
11:50 of 1st period - Mark Scheifele wins face-off versus Derick Brassard in SASKATOON DUCKS zone.
11:59 of 1st period - Shot by Kailer Yamamoto.
11:59 of 1st period - Stopped by Connor Hellebuyck without a rebound.
12:00 of 1st period - Logan Couture wins face-off versus Ryan Strome in SAN DIEGO THUNDER zone.
12:00 of 1st period - Logan Couture is hit by William Nylander.
12:29 of 1st period - Shot by William Nylander.
12:29 of 1st period - Stopped by Connor Hellebuyck without a rebound.
12:30 of 1st period - Sidney Crosby wins face-off versus Mark Scheifele in SAN DIEGO THUNDER zone.
12:43 of 1st period - Shot by Artemi Panarin.
12:43 of 1st period - Shot Blocked by Evander Kane.
12:46 of 1st period - Icing by Erik Cernak.
12:47 of 1st period - Mark Scheifele wins face-off versus Derick Brassard in SAN DIEGO THUNDER zone.
12:58 of 1st period - Shot by Mark Scheifele.
12:58 of 1st period - Stopped by Jordan Binnington without a rebound.
12:59 of 1st period - Logan Couture wins face-off versus Sidney Crosby in SASKATOON DUCKS zone.
13:08 of 1st period - Shot by David Perron.
13:08 of 1st period - Shot Misses the Net.
13:29 of 1st period - Shot by Anthony Duclair.
13:29 of 1st period - Stopped by Connor Hellebuyck without a rebound.
13:30 of 1st period - Mark Scheifele wins face-off versus Ryan Strome in SAN DIEGO THUNDER zone.
13:30 of 1st period - Mark Scheifele is hit by Ryan Strome.
13:42 of 1st period - Shot by Mark Scheifele.
13:42 of 1st period - Shot Blocked by Samuel Girard.
14:26 of 1st period - Ryan McDonagh is hit by Evander Kane and loses puck.
14:27 of 1st period - Ryan McDonagh from SASKATOON DUCKS is injured at 14:27 of 1st period (Strained Groin).
14:28 of 1st period - Sidney Crosby wins face-off versus Logan Couture in SASKATOON DUCKS zone.
14:54 of 1st period - Shot by David Perron.
14:54 of 1st period - Stopped by Jordan Binnington without a rebound.
14:55 of 1st period - Derick Brassard wins face-off versus Jay Beagle in SASKATOON DUCKS zone.
15:18 of 1st period - Shot by Warren Foegele.
15:18 of 1st period - Shot Misses the Net.
15:26 of 1st period - Shot by Warren Foegele.
15:26 of 1st period - Shot Blocked by Brandon Montour.
15:28 of 1st period - Shot by Andrej Sekera.
15:28 of 1st period - Shot Misses the Net.
15:30 of 1st period - Shot by Nikita Zadorov.
15:30 of 1st period - Stopped by Connor Hellebuyck without a rebound.
15:31 of 1st period - Jean-Gabriel Pageau wins face-off versus Sidney Crosby in SAN DIEGO THUNDER zone.
15:41 of 1st period - Icing by Charles McAvoy.
15:42 of 1st period - Jean-Gabriel Pageau wins face-off versus Ryan Strome in SAN DIEGO THUNDER zone.
15:58 of 1st period - Minor Penalty to Charles McAvoy for Slashing.
15:59 of 1st period - Sidney Crosby wins face-off versus Ryan Hartman in SAN DIEGO THUNDER zone.
16:12 of 1st period - Shot by Artemi Panarin.
16:12 of 1st period - Shot Blocked by Connor Murphy.
16:37 of 1st period - Connor Murphy is hit by Sidney Crosby and loses puck.
17:18 of 1st period - Shot by Ryan Strome.
17:18 of 1st period - Stopped by Connor Hellebuyck without a rebound.
17:19 of 1st period - Ryan Strome wins face-off versus Jay Beagle in SAN DIEGO THUNDER zone.
18:02 of 1st period - Brandon Montour is hit by Nikita Zadorov and loses puck.
18:29 of 1st period - Shot by Warren Foegele.
18:29 of 1st period - Stopped by Connor Hellebuyck without a rebound.
18:30 of 1st period - Logan Couture wins face-off versus Valtteri Filppula in SAN DIEGO THUNDER zone.
18:53 of 1st period - Shot by David Perron.
18:53 of 1st period - Stopped by Jordan Binnington with a rebound.
18:55 of 1st period - Shot by Derek Forbort.
18:55 of 1st period - Stopped by Jordan Binnington without a rebound.
18:56 of 1st period - Sidney Crosby wins face-off versus Mark Scheifele in SASKATOON DUCKS zone.
18:58 of 1st period - Icing by Anthony Duclair.
18:59 of 1st period - Sidney Crosby wins face-off versus Mark Scheifele in SASKATOON DUCKS zone.
18:59 of 1st period - Sidney Crosby is hit by Evander Kane.
19:22 of 1st period - Icing by Connor Murphy.
19:23 of 1st period - Ryan Strome wins face-off versus Mark Scheifele in SAN DIEGO THUNDER zone.
Goals for this period are 0 for SASKATOON DUCKS vs 0 for SAN DIEGO THUNDER.
Shots for this period are 11 for SASKATOON DUCKS vs 8 for SAN DIEGO THUNDER.

2nd period


0:01 of 2nd period - Sidney Crosby wins face-off versus Marcus Foligno in neutral zone.
0:04 of 2nd period - David Perron is hit by Sidney Crosby and loses puck.
0:13 of 2nd period - Shot by Anthony Duclair.
0:13 of 2nd period - Stopped by Connor Hellebuyck without a rebound.
0:14 of 2nd period - Mark Scheifele wins face-off versus Ryan Strome in SAN DIEGO THUNDER zone.
0:21 of 2nd period - Kevin Shattenkirk is hit by Evander Kane and loses puck.
0:28 of 2nd period - Shot by Mark Scheifele.
0:28 of 2nd period - Shot Blocked by Ryan Strome.
0:30 of 2nd period - Shot by Mark Scheifele.
0:30 of 2nd period - Stopped by Jordan Binnington with a rebound.
0:32 of 2nd period - Shot by Evander Kane.
0:32 of 2nd period - Shot Misses the Net.
0:34 of 2nd period - Shot by Derek Forbort.
0:34 of 2nd period - Shot Blocked by Kevin Shattenkirk.
0:36 of 2nd period - Shot by Mark Scheifele.
0:36 of 2nd period - Stopped by Jordan Binnington without a rebound.
0:37 of 2nd period - Anthony Duclair wins face-off versus Logan Couture in SASKATOON DUCKS zone.
1:00 of 2nd period - Shot by Sidney Crosby.
1:00 of 2nd period - Shot Misses the Net.
1:02 of 2nd period - Shot by Sidney Crosby.
1:02 of 2nd period - Shot Misses the Net.
1:04 of 2nd period - Shot by Sidney Crosby.
1:04 of 2nd period - Deflect By Artemi Panarin.
1:04 of 2nd period - Stopped by Connor Hellebuyck without a rebound.
1:05 of 2nd period - Mark Scheifele wins face-off versus Ryan Strome in SAN DIEGO THUNDER zone.
1:48 of 2nd period - Shot by Mark Scheifele.
1:48 of 2nd period - Shot Misses the Net.
1:50 of 2nd period - Shot by Brandon Saad.
1:50 of 2nd period - Stopped by Jordan Binnington without a rebound.
1:51 of 2nd period - Sidney Crosby wins face-off versus Jean-Gabriel Pageau in SASKATOON DUCKS zone.
1:51 of 2nd period - Sidney Crosby is hit by Marcus Foligno.
2:07 of 2nd period - Shot by Sidney Crosby.
2:07 of 2nd period - Shot Misses the Net.
2:09 of 2nd period - Shot by Anthony Duclair.
2:09 of 2nd period - Stopped by Connor Hellebuyck without a rebound.
2:10 of 2nd period - Jay Beagle wins face-off versus Derick Brassard in SAN DIEGO THUNDER zone.
2:15 of 2nd period - Shot by Andrew Cogliano.
2:15 of 2nd period - Shot Blocked by Nikita Zadorov.
2:31 of 2nd period - Shot by Drake Batherson.
2:31 of 2nd period - Stopped by Jordan Binnington without a rebound.
2:32 of 2nd period - Logan Couture wins face-off versus Sidney Crosby in SASKATOON DUCKS zone.
3:55 of 2nd period - Icing by Brandon Saad.
3:56 of 2nd period - Derick Brassard wins face-off versus Mark Scheifele in SAN DIEGO THUNDER zone.
3:57 of 2nd period - Shot by Kailer Yamamoto.
3:57 of 2nd period - Shot Blocked by Mark Scheifele.
4:38 of 2nd period - Off-side.
4:39 of 2nd period - Jean-Gabriel Pageau wins face-off versus Ryan Strome in neutral zone.
5:06 of 2nd period - Icing by Charles McAvoy.
5:07 of 2nd period - Sidney Crosby wins face-off versus Jean-Gabriel Pageau in SAN DIEGO THUNDER zone.
5:32 of 2nd period - Shot by Jean-Gabriel Pageau.
5:32 of 2nd period - Shot Misses the Net.
5:46 of 2nd period - Andrew Cogliano is hit by Sidney Crosby and loses puck.
6:04 of 2nd period - Brandon Montour is hit by Kevin Shattenkirk and loses puck.
6:15 of 2nd period - Andrew Cogliano is hit by William Nylander.
6:19 of 2nd period - Shot by Andrew Cogliano.
6:19 of 2nd period - Goal by Andrew Cogliano - SASKATOON DUCKS : 0 - SAN DIEGO THUNDER : 1.
6:20 of 2nd period - Mark Scheifele wins face-off versus Derick Brassard in neutral zone.
6:23 of 2nd period - Shot by Evander Kane.
6:23 of 2nd period - Shot Misses the Net.
6:42 of 2nd period - Samuel Girard is hit by Derek Forbort and loses puck.
7:24 of 2nd period - Shot by David Perron.
7:24 of 2nd period - Shot Misses the Net.
7:29 of 2nd period - Minor Penalty to Marcus Foligno for Hooking.
7:30 of 2nd period - Sidney Crosby wins face-off versus Jean-Gabriel Pageau in SAN DIEGO THUNDER zone.
9:25 of 2nd period - Icing by Sidney Crosby.
9:26 of 2nd period - Sidney Crosby wins face-off versus Jay Beagle in SASKATOON DUCKS zone.
9:28 of 2nd period - Icing by Artemi Panarin.
9:29 of 2nd period - Logan Couture wins face-off versus Valtteri Filppula in SASKATOON DUCKS zone.
9:32 of 2nd period - Shot by Marcus Foligno.
9:32 of 2nd period - Shot Misses the Net.
9:59 of 2nd period - Shot by Logan Couture.
9:59 of 2nd period - Stopped by Jordan Binnington without a rebound.
10:00 of 2nd period - Mark Scheifele wins face-off versus Derick Brassard in SASKATOON DUCKS zone.
10:04 of 2nd period - Mark Scheifele is hit by Alex Goligoski and loses puck.
10:15 of 2nd period - Shot by Brandon Saad.
10:15 of 2nd period - Shot Misses the Net.
10:18 of 2nd period - Evander Kane is hit by Alex Goligoski and loses puck.
11:08 of 2nd period - Shot by Logan Couture.
11:08 of 2nd period - Shot Misses the Net.
11:34 of 2nd period - Icing by Erik Cernak.
11:35 of 2nd period - Sidney Crosby wins face-off versus Logan Couture in SAN DIEGO THUNDER zone.
12:44 of 2nd period - Icing by Sidney Crosby.
12:45 of 2nd period - Mark Scheifele wins face-off versus Ryan Strome in SASKATOON DUCKS zone.
12:45 of 2nd period - Minor Penalty to Evander Kane for Slashing.
12:45 of 2nd period - Minor Penalty to Nikita Zadorov for Holding.
12:46 of 2nd period - Ryan Strome wins face-off versus Mark Scheifele in SASKATOON DUCKS zone.
13:44 of 2nd period - Shot by Sidney Crosby.
13:44 of 2nd period - Goal by Sidney Crosby - SASKATOON DUCKS : 1 - SAN DIEGO THUNDER : 1.
13:45 of 2nd period - Sidney Crosby wins face-off versus Jean-Gabriel Pageau in neutral zone.
14:08 of 2nd period - Shot by Sidney Crosby.
14:08 of 2nd period - Stopped by Connor Hellebuyck without a rebound.
14:09 of 2nd period - Sidney Crosby wins face-off versus Mark Scheifele in SAN DIEGO THUNDER zone.
14:13 of 2nd period - Icing by Brandon Montour.
14:14 of 2nd period - Mark Scheifele wins face-off versus Sidney Crosby in SAN DIEGO THUNDER zone.
14:45 of 2nd period - Shot by Sidney Crosby.
14:45 of 2nd period - Deflect By Jakub Vrana.
14:45 of 2nd period - Stopped by Connor Hellebuyck without a rebound.
14:46 of 2nd period - Jean-Gabriel Pageau wins face-off versus Ryan Strome in SAN DIEGO THUNDER zone.
14:53 of 2nd period - Shot by Marcus Foligno.
14:53 of 2nd period - Stopped by Jordan Binnington without a rebound.
14:54 of 2nd period - Jean-Gabriel Pageau wins face-off versus Ryan Strome in SASKATOON DUCKS zone.
15:19 of 2nd period - Shot by Ryan Hartman.
15:19 of 2nd period - Shot Misses the Net.
15:28 of 2nd period - Icing by Ryan Strome.
15:29 of 2nd period - Mark Scheifele wins face-off versus Ryan Strome in SASKATOON DUCKS zone.
16:34 of 2nd period - Icing by Erik Cernak.
16:35 of 2nd period - Mark Scheifele wins face-off versus Kailer Yamamoto in SAN DIEGO THUNDER zone.
16:47 of 2nd period - Off-side.
16:48 of 2nd period - Logan Couture wins face-off versus Sidney Crosby in neutral zone.
16:58 of 2nd period - Off-side.
16:59 of 2nd period - Sidney Crosby wins face-off versus Jean-Gabriel Pageau in neutral zone.
16:59 of 2nd period - Sidney Crosby is hit by Marcus Foligno.
17:03 of 2nd period - Brandon Montour is hit by Artemi Panarin and loses puck.
18:12 of 2nd period - Shot by Charles McAvoy.
18:12 of 2nd period - Shot Blocked by Samuel Girard.
18:14 of 2nd period - Shot by Charles McAvoy.
18:14 of 2nd period - Shot Misses the Net.
18:36 of 2nd period - Shot by Jakub Vrana.
18:36 of 2nd period - Stopped by Connor Hellebuyck with a rebound.
19:43 of 2nd period - Shot by Kailer Yamamoto.
19:43 of 2nd period - Shot Blocked by Charles McAvoy.
19:45 of 2nd period - Shot by Warren Foegele.
19:45 of 2nd period - Shot Blocked by Connor Murphy.
19:47 of 2nd period - Shot by Warren Foegele.
19:47 of 2nd period - Stopped by Connor Hellebuyck without a rebound.
19:48 of 2nd period - Logan Couture wins face-off versus Valtteri Filppula in SAN DIEGO THUNDER zone.
Goals for this period are 1 for SASKATOON DUCKS vs 1 for SAN DIEGO THUNDER.
Shots for this period are 8 for SASKATOON DUCKS vs 7 for SAN DIEGO THUNDER.

3rd period


0:01 of 3rd period - Logan Couture wins face-off versus Sidney Crosby in neutral zone.
0:03 of 3rd period - David Perron is hit by Alex Goligoski and loses puck.
0:05 of 3rd period - Minor Penalty to Alex Goligoski for Roughing.
0:06 of 3rd period - Mark Scheifele wins face-off versus Ryan Strome in SASKATOON DUCKS zone.
0:25 of 3rd period - Shot by Mark Scheifele.
0:25 of 3rd period - Stopped by Jordan Binnington without a rebound.
0:26 of 3rd period - Ryan Strome wins face-off versus Jean-Gabriel Pageau in SASKATOON DUCKS zone.
1:10 of 3rd period - Shot by Derek Forbort.
1:10 of 3rd period - Shot Misses the Net.
1:12 of 3rd period - Shot by Drake Batherson.
1:12 of 3rd period - Deflect By Evander Kane.
1:12 of 3rd period - Goal by Evander Kane - SASKATOON DUCKS : 1 - SAN DIEGO THUNDER : 2.
1:13 of 3rd period - Logan Couture wins face-off versus Derick Brassard in neutral zone.
1:56 of 3rd period - Shot by David Perron.
1:56 of 3rd period - Stopped by Jordan Binnington without a rebound.
1:57 of 3rd period - Mark Scheifele wins face-off versus Mathieu Joseph in SASKATOON DUCKS zone.
1:57 of 3rd period - Charles McAvoy is hit by Alex Goligoski and loses puck.
2:04 of 3rd period - Shot by Evander Kane.
2:04 of 3rd period - Deflect By Mark Scheifele.
2:04 of 3rd period - Shot Misses the Net.
2:10 of 3rd period - Shot by Evander Kane.
2:10 of 3rd period - Stopped by Jordan Binnington without a rebound.
2:11 of 3rd period - Jay Beagle wins face-off versus Ryan Strome in SASKATOON DUCKS zone.
2:11 of 3rd period - Minor Penalty to Kevin Shattenkirk for Tripping.
2:12 of 3rd period - Mark Scheifele wins face-off versus Ryan Strome in SASKATOON DUCKS zone.
2:56 of 3rd period - Shot by David Perron.
2:56 of 3rd period - Deflect By Mark Scheifele.
2:56 of 3rd period - Shot Misses the Net.
3:14 of 3rd period - Shot by Jean-Gabriel Pageau.
3:14 of 3rd period - Deflect By Evander Kane.
3:14 of 3rd period - Shot Misses the Net.
3:20 of 3rd period - Shot by Evander Kane.
3:20 of 3rd period - Goal by Evander Kane - SASKATOON DUCKS : 1 - SAN DIEGO THUNDER : 3.
3:21 of 3rd period - Jean-Gabriel Pageau wins face-off versus Valtteri Filppula in neutral zone.
3:25 of 3rd period - Off-side.
3:26 of 3rd period - Derick Brassard wins face-off versus Jean-Gabriel Pageau in neutral zone.
4:22 of 3rd period - Icing by Jean-Gabriel Pageau.
4:23 of 3rd period - Sidney Crosby wins face-off versus Jean-Gabriel Pageau in SAN DIEGO THUNDER zone.
4:37 of 3rd period - Icing by Alexandre Carrier.
4:38 of 3rd period - Jean-Gabriel Pageau wins face-off versus Ryan Strome in SAN DIEGO THUNDER zone.
5:09 of 3rd period - Jean-Gabriel Pageau is hit by Jakub Vrana and loses puck.
5:21 of 3rd period - Brandon Montour is hit by William Nylander and loses puck.
6:51 of 3rd period - Icing by Brandon Saad.
6:52 of 3rd period - Mark Scheifele wins face-off versus Derick Brassard in SAN DIEGO THUNDER zone.
9:19 of 3rd period - Anthony Duclair is hit by Evander Kane and loses puck.
9:38 of 3rd period - Shot by Evander Kane.
9:38 of 3rd period - Stopped by Jordan Binnington without a rebound.
9:39 of 3rd period - Derick Brassard wins face-off versus Jay Beagle in SASKATOON DUCKS zone.
9:52 of 3rd period - Shot by Jay Beagle.
9:52 of 3rd period - Stopped by Jordan Binnington without a rebound.
9:53 of 3rd period - Ryan Strome wins face-off versus Mark Scheifele in SASKATOON DUCKS zone.
9:59 of 3rd period - William Nylander is hit by Brandon Montour and loses puck.
10:19 of 3rd period - Icing by Mark Scheifele.
10:20 of 3rd period - Sidney Crosby wins face-off versus Mark Scheifele in SAN DIEGO THUNDER zone.
10:30 of 3rd period - Brandon Saad is hit by Nikita Zadorov and loses puck.
10:44 of 3rd period - Minor Penalty to Nikita Zadorov for Roughing.
10:45 of 3rd period - Ryan Strome wins face-off versus Evander Kane in SASKATOON DUCKS zone.
10:58 of 3rd period - Shot by Jean-Gabriel Pageau.
10:58 of 3rd period - Shot Misses the Net.
11:00 of 3rd period - Shot by Evander Kane.
11:00 of 3rd period - Stopped by Jordan Binnington without a rebound.
11:01 of 3rd period - Jean-Gabriel Pageau wins face-off versus Ryan Strome in SASKATOON DUCKS zone.
11:52 of 3rd period - Shot by Ryan Strome.
11:52 of 3rd period - Deflect By Anthony Duclair.
11:52 of 3rd period - Shot Misses the Net.
11:54 of 3rd period - Shot by Alex Goligoski.
11:54 of 3rd period - Stopped by Connor Hellebuyck without a rebound.
11:55 of 3rd period - Mark Scheifele wins face-off versus Warren Foegele in SAN DIEGO THUNDER zone.
12:10 of 3rd period - Shot by Charles McAvoy.
12:10 of 3rd period - Stopped by Jordan Binnington without a rebound.
12:11 of 3rd period - Ryan Strome wins face-off versus Mark Scheifele in SASKATOON DUCKS zone.
14:10 of 3rd period - Shot by Artemi Panarin.
14:10 of 3rd period - Stopped by Connor Hellebuyck without a rebound.
14:11 of 3rd period - Derick Brassard wins face-off versus Mark Scheifele in SAN DIEGO THUNDER zone.
14:19 of 3rd period - Derick Brassard is hit by Brandon Montour and loses puck.
14:30 of 3rd period - Kailer Yamamoto is hit by Brandon Montour and loses puck.
15:00 of 3rd period - Icing by Brandon Montour.
15:01 of 3rd period - Sidney Crosby wins face-off versus Mark Scheifele in SAN DIEGO THUNDER zone.
15:01 of 3rd period - Sidney Crosby is hit by Alexandre Carrier.
15:10 of 3rd period - Sidney Crosby is hit by Alexandre Carrier and loses puck.
15:31 of 3rd period - Shot by Sidney Crosby.
15:31 of 3rd period - Stopped by Connor Hellebuyck without a rebound.
15:32 of 3rd period - Ryan Strome wins face-off versus Logan Couture in SAN DIEGO THUNDER zone.
15:37 of 3rd period - Shot by Ryan Strome.
15:37 of 3rd period - Stopped by Connor Hellebuyck without a rebound.
15:38 of 3rd period - Logan Couture wins face-off versus Ryan Strome in SAN DIEGO THUNDER zone.
16:02 of 3rd period - Shot by David Perron.
16:02 of 3rd period - Stopped by Jordan Binnington without a rebound.
16:03 of 3rd period - Sidney Crosby wins face-off versus Jay Beagle in SASKATOON DUCKS zone.
16:18 of 3rd period - Icing by Sidney Crosby.
16:19 of 3rd period - Sidney Crosby wins face-off versus Logan Couture in SASKATOON DUCKS zone.
16:35 of 3rd period - Shot by Sidney Crosby.
16:35 of 3rd period - Stopped by Connor Hellebuyck without a rebound.
16:36 of 3rd period - Mark Scheifele wins face-off versus William Nylander in SAN DIEGO THUNDER zone.
17:08 of 3rd period - Icing by Kevin Shattenkirk.
17:09 of 3rd period - Ryan Strome wins face-off versus Marcus Foligno in SASKATOON DUCKS zone.
17:32 of 3rd period - Shot by Logan Couture.
17:32 of 3rd period - Stopped by Jordan Binnington with a rebound.
17:34 of 3rd period - Shot by David Perron.
17:34 of 3rd period - Shot Blocked by Samuel Girard.
17:36 of 3rd period - Shot by Marcus Foligno.
17:36 of 3rd period - Stopped by Jordan Binnington without a rebound.
17:37 of 3rd period - Evander Kane wins face-off versus Sidney Crosby in SASKATOON DUCKS zone.
18:23 of 3rd period - Off-side.
18:24 of 3rd period - Logan Couture wins face-off versus Kailer Yamamoto in neutral zone.
18:27 of 3rd period - Shot by David Perron.
18:27 of 3rd period - Deflect By Logan Couture.
18:27 of 3rd period - Stopped by Jordan Binnington without a rebound.
18:28 of 3rd period - Logan Couture wins face-off versus Kailer Yamamoto in SASKATOON DUCKS zone.
18:50 of 3rd period - Icing by Samuel Girard.
18:51 of 3rd period - Derick Brassard wins face-off versus Jay Beagle in SASKATOON DUCKS zone.
19:23 of 3rd period - Icing by Samuel Girard.
19:24 of 3rd period - Derick Brassard wins face-off versus Logan Couture in SASKATOON DUCKS zone.
19:42 of 3rd period - Icing by Erik Cernak.
19:43 of 3rd period - Logan Couture wins face-off versus Sidney Crosby in SAN DIEGO THUNDER zone.
19:48 of 3rd period - Shot by Logan Couture.
19:48 of 3rd period - Goal by Logan Couture - SASKATOON DUCKS : 1 - SAN DIEGO THUNDER : 4.
19:49 of 3rd period - Mark Scheifele wins face-off versus Sidney Crosby in neutral zone.
Goals for this period are 0 for SASKATOON DUCKS vs 3 for SAN DIEGO THUNDER.
Shots for this period are 5 for SASKATOON DUCKS vs 14 for SAN DIEGO THUNDER.


JOHNNY
GAUDREAU
MATTHEW
BOLDY
OWEN
TIPPETT

EAST COAST

HOCKEY LEAGUE

  • 29.PIT6MAN7
  • 30.ATL6NHW2
  • 31.WOR4PET3
  • 32.3RHI4
  • 33.CHIQUE
  • 34.LIMCHA
  • 35.LONTRV
  • 36.BALCHW